Map: Acid Plant LE

Players

DisK - Winner!

  • Race: Protoss Protoss
  • Spawn Location: 5:00

Mackintac

  • Race: Zerg Zerg
  • Spawn Location: 11:00

Event: WCS Montreal 2018

VOD

Have the link to the VOD?

Description

Time

  • Played on: Sept. 7, 2018, 2:31 p.m.
  • Length: 10:41

All games in this series

Show
View Real Time Build Order
Export as new Build Order

DisK Protoss - Winner!

Build Orders: 1 Gate Expand, Oracle Opening, Phoenix Opening 

Get SALT Encoding   

  12  0:01  Probe  
  13  0:13  Probe  
  14  0:20  Pylon  
  14  0:25  Probe  
  15  0:34  Probe  
  15  0:42  Probe  
  16  0:45  Gateway  
  16  0:48  Assimilator  
  17  0:52  Probe  
  18  1:00  Probe  
  19  1:08  Probe  
  20  1:25  Nexus  
  20  1:36  Cybernetics Core  
  20  1:42  Probe  
  20  1:46  Assimilator  
  21  1:54  Pylon  
  21  1:55  Probe  
  22  2:04  Adept  
  22  2:07  Probe  
  25  2:18  Stargate  
  25  2:20  Probe  
  26  2:24  Warp Gate  
  26  2:29  Adept  
  26  2:34  Probe  
  26  2:36  Probe  
  29  2:42  Probe  
  30  2:48  Probe  
  32  2:52  Probe  
  32  2:54  Oracle  
  33  3:00  Probe  
  33  3:04  Probe  
  38  3:12  Gateway, Probe  
  39  3:16  Shield Battery  
  39  3:18  Probe  
  40  3:24  Pylon, Probe  
  41  3:29  Assimilator  
  41  3:31  Assimilator  
  41  3:36  Phoenix  
  41  3:39  Probe  
  41  3:40  Probe  
  45  3:51  Pylon, Probe  
  45  3:52  Probe  
  47  4:00  Robotics Facility  
  47  4:02  Twilight Council  
  47  4:04  Probe  
  48  4:12  Probe  
  48  4:16  Probe  
  50  4:24  Probe  
  50  4:26  Adept  
  50  4:27  Adept  
  50  4:29  Probe  
  56  4:35  Gateway x2  
  56  4:36  Probe  
  57  4:41  Probe  
  58  4:48  Zealot  
  59  4:54  Probe  
  59  4:56  Templar Archives  
  62  5:00  Pylon  
  62  5:12  Pylon  
  62  5:13  Pylon, Shield Battery  
  60  5:14  Immortal, Shield Battery  
  60  5:16  Pylon  
  60  5:17  Void Ray  
  64  5:22  Stalker  
  64  5:24  Sentry  
  72  5:37  Stalker  
  72  5:38  Sentry  
  72  5:42  Pylon  
  76  5:49  Stalker x2  
  78  6:04  Void Ray  
  76  6:08  Stalker x2  
  80  6:21  Cybernetics Core  
  80  6:22  Zealot x2  
  80  6:25  Immortal  
  86  6:34  Zealot x2  
  86  6:45  Pylon  
  80  6:56  Zealot x4  
  80  7:00  Pylon  
  84  7:07  Warp Prism  
  84  7:13  Nexus  
  84  7:19  Pylon  
  84  7:20  Pylon  
  86  7:29  Charge  
  87  7:30  Probe x2  
  88  7:42  Probe  
  89  7:45  Gateway  
  89  7:46  Gateway  
  89  7:48  Forge  
  89  7:50  Observer  
  90  7:58  High Templar  
  90  7:59  High Templar x3  
  90  8:00  Probe x2  
  90  8:04  Archon  
  90  8:05  Archon  
  100  8:13  Gateway  
  100  8:14  Gateway  
  100  8:24  Probe  
  99  8:31  Stalker x4  
  103  8:52  Psionic Storm  
  103  8:54  Zealot  
  103  8:55  Zealot x5  
  111  9:05  Probe x3  
  111  9:07  Assimilator x2  
  110  9:18  Zealot x7  
  105  9:41  Sentry x2  
  105  9:42  Sentry x6  
  105  9:44  Probe  
  105  9:45  Probe x2  
  110  10:05  Stalker  
  110  10:06  Stalker x6  
  102  10:20  Probe x3  
  93  10:27  Zealot x2  
  93  10:28  Zealot x2  
  99  10:30  Zealot x4  
Show
View Real Time Build Order
Export as new Build Order

Mackintac Zerg 

Build Orders: Hatch First 

Get SALT Encoding   

  12  0:02  Drone  
  13  0:12  Overlord  
  13  0:18  Drone  
  14  0:30  Drone  
  14  0:31  Drone  
  16  0:49  Hatchery  
  15  0:52  Drone  
  15  0:55  Drone  
  17  0:59  Drone  
  18  1:14  Spawning Pool  
  18  1:17  Drone  
  18  1:20  Extractor  
  18  1:22  Drone  
  18  1:28  Drone  
  19  1:39  Drone  
  20  1:50  Hatchery  
  19  1:57  Drone  
  19  2:01  Drone x2  
  22  2:13  Drone  
  22  2:14  Drone  
  24  2:19  Queen  
  26  2:24  Metabolic Boost  
  26  2:28  Overlord  
  26  2:32  Zergling x2  
  26  2:33  Zergling x2  
  28  2:45  Queen  
  28  2:48  Drone x2  
  32  2:53  Drone  
  33  3:02  Lair  
  33  3:06  Queen  
  33  3:07  Drone  
  33  3:09  Drone  
  33  3:11  Drone  
  38  3:17  Overlord  
  38  3:18  Drone  
  39  3:21  Drone  
  40  3:30  Spore Crawler, Roach Warren  
  38  3:37  Drone x2  
  38  3:39  Drone x2  
  38  3:40  Extractor  
  38  3:41  Drone  
  42  3:53  Drone  
  42  3:54  Drone x3  
  45  3:57  Drone x2  
  45  4:00  Overlord  
  45  4:01  Extractor, Drone  
  45  4:03  Drone  
  46  4:11  Overseer  
  46  4:13  Glial Reconstitution  
  46  4:15  Drone x3  
  49  4:20  Overlord  
  49  4:21  Overlord  
  49  4:33  Roach x3  
  49  4:34  Roach  
  49  4:36  Overlord  
  57  4:45  Spore Crawler  
  57  4:46  Roach x3  
  63  4:56  Roach x5  
  72  5:01  Overlord  
  72  5:06  Overlord  
  71  5:07  Roach  
  73  5:14  Overlord  
  73  5:17  Extractor, Zergling x2  
  73  5:25  Roach x4  
  73  5:26  Ravager  
  82  5:30  Zergling x4  
  82  5:31  Zergling x2, Roach x2  
  82  5:35  Ravager  
  87  5:39  Roach x3  
  87  5:41  Ravager  
  88  5:44  Ravager  
  88  5:45  Zergling x6  
  92  5:55  Ravager  
  93  5:58  Roach  
  93  5:59  Zergling x10  
  93  6:03  Zergling x2  
  95  6:17  Zergling x8  
  95  6:18  Zergling x8  
  96  6:23  Ravager x2  
  98  6:25  Overlord  
  95  6:35  Zergling x4, Ravager  
  93  6:41  Ravager  
  89  6:51  Ravager  
  83  7:00  Drone x2  
  83  7:01  Drone x2, Queen  
  70  7:04  Drone x6  
  78  7:10  Hydralisk Den  
  78  7:12  Roach x3  
  80  7:27  Roach  
  80  7:28  Roach x2  
  83  7:33  Overlord  
  83  7:34  Queen x2  
  87  7:40  Hydralisk x4  
  95  7:50  Grooved Spines  
  95  7:51  Drone x3  
  95  7:52  Drone  
  99  8:00  Drone x4  
  99  8:03  Lurker Den  
  102  8:05  Hatchery  
  102  8:06  Extractor x2, Drone x2  
  102  8:07  Evolution Chamber  
  100  8:18  Hydralisk  
  100  8:19  Zergling x8, Roach  
  106  8:21  Overlord  
  106  8:22  Ravager  
  103  8:28  Ravager  
  103  8:29  Hydralisk, Overlord  
  103  8:43  Hydralisk x4, Roach  
  103  8:44  Zergling x6  
  111  8:48  Ravager x2  
  110  9:00  Roach x2  
  110  9:01  Roach x2  
  116  9:09  Roach  
  111  9:25  Hydralisk x2, Roach x2  
  111  9:26  Roach  
  112  9:45  Hydralisk, Roach x6  
  118  9:48  Ravager  
  118  9:49  Ravager  
  74  10:16  Hydralisk x2, Roach  
  74  10:17  Hydralisk x2, Zergling x10  
  74  10:18  Zergling x2  
Tags
 
Add a new tag
Caveats
  • Supply blocks, unpowered buildings, or Contaminate may cause inaccurate times.
  • Supply counts are checked every 10 seconds.